 Dungeon Crawl Stone Soup version 0.30.0-10-gfe55d96785 (webtiles) character file.

Game seed: 10499515173171763124

44 Demosthentine the Poker (level 3, -4/28 HPs)
             Began as a Demonspawn Gladiator on May 14, 2023.
             Slain by a gnoll
             ... wielding a +0 halberd
              (10 damage)
             ... on level 3 of the Dungeon.
             The game lasted 00:02:08 (1864 turns).

Demosthentine the Poker (Demonspawn Gladiator)      Turns: 1864, Time: 00:02:08

Health: -4/28      AC: 10    Str: 16    XL:     3   Next: 41%
Magic:  3/3        EV: 12    Int:  9    God:
Gold:   146        SH:  0    Dex: 14    Spells: 2/2 levels left

rFire   . . .        a - +1 trident (venom)
rCold   . . .        (no shield)
rNeg    . . .        b - +0 leather armour
rPois   .            c - +0 helmet
rElec   .            (no cloak)
rCorr   .            (no gloves)
SInv    .            (no boots)
Will    .....        (no amulet)
Stlth   +            (no ring)
HPRegen 0.24/turn    (no ring)
MPRegen 0.08/turn

%: no passive effects
@: lethally poisoned (-4 -> -6), sanguine armoured
A: sanguine armour 1
a: no special abilities


You were on level 3 of the Dungeon.
You visited 1 branch of the dungeon, and saw 3 of its levels.

You collected 146 gold pieces.

Inventory:

Hand Weapons
 a - a +1 trident of venom (weapon)
Missiles
 d - 3 throwing nets (quivered)
 e - a javelin
 f - 5 boomerangs
Armour
 b - a +0 leather armour (worn)
 c - a +0 helmet (worn)
Jewellery
 h - a ring of resist corrosion
Potions
 i - a potion of cancellation
 k - a potion of heal wounds


   Skills:
 + Level 2.5 Fighting
 + Level 3.1 Polearms
 - Level 1.7 Throwing
 + Level 1.2 Armour
 + Level 3.1 Dodging


You had 2 spell levels left.
You didn't know any spells.
Your spell library was empty.

Dungeon Overview and Level Annotations

Branches:
Dungeon (3/15)

Altars:

Shops:
D:2 [


Innate Abilities, Weirdness & Mutations

When seriously injured, your blood forms armour. (AC +6)


Message History

The gnoll hits you from afar with a +0 halberd!
Ouch! That really hurt!
Your blood congeals into armour.
You are too injured to fight recklessly!
Unknown command.
The adder bites you but does no damage.
You see here a bat corpse.
You miss the adder. The adder barely misses you. The gnoll barely misses you.
The adder bites you but does no damage. The adder attacks as you move away!
The adder bites you but does no damage.
You see here a frilled lizard corpse.
The adder attacks as you move away! The adder bites you. x2
You are poisoned.
The adder poisons you!
You feel sick.
You feel better.
Your blood armour dries and flakes away.
The adder bites you but does no damage. The adder closely misses you.
The adder attacks as you move away! The adder bites you but does no damage.
The adder bites you.
Your blood congeals into armour.
You are poisoned.
The adder poisons you!
You feel sick.
You feel sick.
You feel sick. The adder completely misses you.
You feel sick. The adder attacks as you move away! The adder bites you.
You are more poisoned.
The adder poisons you!
You feel sick. The adder attacks as you move away! The adder barely misses you.
You feel sick. The adder bites you but does no damage.
The adder attacks as you move away! The adder bites you but does no damage.
You feel sick.
You feel sick.
You hit the adder.
The adder is poisoned.
Your punch misses the adder.
The adder is heavily wounded.
You feel sick. The adder bites you but does no damage.
The gnoll hits you from afar with a +0 halberd!
You die...

#..^..#.# ##...#.#.#
#........#####
+............#
#≈~~.....###.#
#.#≈≈≈≈~~....#
#.#.≈..~≈~≈###
#<#.##|#.≈~~#
###.##.#@#~##
#.##.#S### #.##.#g##
## .##.#..## #.
#.##..### #.
#.###...## #. #.#
###..# #. #.#
##.###### #.
#)######......#####.


You could see a gnoll and an adder (very poisoned).

Vanquished Creatures
  A dart slug (D:2)
  4 bats
  5 endoplasms
  3 giant cockroaches
  9 goblins
  3 hobgoblins
  2 ball pythons
  3 frilled lizards
  6 kobolds
  4 rats
40 creatures vanquished.

Notes
Turn   | Place    | Note
-------+----------+-------------------------------------------
     0 | D:1      | Demosthentine the Demonspawn Gladiator began the quest for
                  | the Orb.
     0 | D:1      | Reached XP level 1. HP: 16/16 MP: 1/1
    18 | D:1      | You fall into a shaft and drop 1 floor!
   220 | D:2      | Gained mutation: When seriously injured, your blood forms
                  | armour. (AC +6) [demonic ancestry]
   220 | D:2      | Reached XP level 2. HP: 22/22 MP: 2/2
   595 | D:1      | Reached skill level 1 in Armour
   646 | D:1      | Reached XP level 3. HP: 28/28 MP: 3/3
  1528 | D:2      | Found Dayskuoll's Armour Shop.
  1864 | D:3      | Slain by a gnoll

Illustrated notes

Levels and vault maps discovered:
D:1:      ncdulo_lavacross, layout_basic
D:2:      layout_basic, serial_shops, nicolae_shop_real_fake_doors,
          kennysheep_generic_room_4
D:3:      layout_basic, ebering_ecumenical_altar_mist,
          chequers_serial_rivers_small_a

Skill      XL: |  1  2 |
---------------+-------+-----
Polearms       | 3 |  3.1
Dodging        | 3 |  3.1
Armour         | 1 |  1.2
Fighting       | |  2.5
Throwing       | |  1.7

Action                     || total
---------------------------++-------
  Melee: Trident           ||   105
         Punch             ||     1
    Use: Scroll            ||     7
         Potion            ||     1
   Stab: Sleeping          ||     3
 Armour: Leather armour    ||    28
  Dodge: Dodged            ||    50
